 Dungeon Crawl Stone Soup version 0.30.1-11-g7821555f0a (webtiles) character file.

Game seed: 14399383329600918241

190 KittyFluff the Cudgeller (level 5, 0/33 HPs)
             Began as a Gargoyle Berserker on Nov 1, 2023.
             Was a Believer of Trog.
             Killed from afar by Dowan (12 damage)
             ... with a stone arrow
             ... on level 5 of the Dungeon.
             The game lasted 00:08:25 (2022 turns).

KittyFluff the Cudgeller (Gargoyle Berserker)       Turns: 2022, Time: 00:08:25

Health: 0/33       AC:  9    Str: 22    XL:     5   Next: 69%
Magic:  5/5        EV: 12    Int:  8    God:    Trog [**....]
Gold:   185        SH:  0    Dex:  9    Spells: 4/4 levels left

rFire   . . .        a - +0 mace
rCold   . . .        (no shield)
rNeg    + . .        b - +0 animal skin
rPois   ∞            t - +2 helmet
rElec   +            (no cloak)
rCorr   .            (no gloves)
SInv    .            (no boots)
Will    .....        (no amulet)
Stlth   +            (no ring)
HPRegen 0.25/turn    (no ring)
MPRegen 0.09/turn

%: no passive effects
@: no status effects
A: sickness immunity, AC +4, negative energy resistance 1, electricity
resistance, torment resistance 1, petrification resistance
a: Renounce Religion, Berserk, Trog's Hand


You were on level 5 of the Dungeon.
You worshipped Trog.
Trog was pleased with you.
You visited 1 branch of the dungeon, and saw 5 of its levels.

You collected 185 gold pieces.

Inventory:

Hand Weapons
 a - a +0 mace (weapon)
 u - a +0 quarterstaff
Missiles
 l - 4 poisoned darts (quivered)
Armour
 b - a +0 animal skin (worn)
 d - an orb of light
 e - a +2 hat
 t - a +2 helmet (worn)
Jewellery
 k - an amulet of faith
Scrolls
 f - a scroll of fog {unknown}
 j - a scroll of noise {unknown}
 m - 3 scrolls of teleportation {unknown}
 p - 3 scrolls of magic mapping {unknown}
 s - a scroll of identify
Potions
 c - 3 potions of might
 g - a potion of cancellation
 h - 2 potions of invisibility
 i - 5 potions of resistance
 n - a potion of flight
 o - a potion of heal wounds
 q - a potion of haste {unknown}
 r - a potion of degeneration {unknown}


   Skills:
 + Level 4.1 Fighting
 * Level 4.3 Maces & Flails
 * Level 3.9 Armour
 + Level 2.3 Dodging


You had 4 spell levels left.
You didn't know any spells.
Your spell library was empty.

Dungeon Overview and Level Annotations

Branches:
Dungeon (6/15)
 Temple: D:4-7

Altars:

Annotations:
D:5 Dowan


Innate Abilities, Weirdness & Mutations

You are immune to sickness and miasma.
Your stone body is resilient. (AC +4)
You are immune to poison.
You resist negative energy. (rN+)
You are resistant to electric shocks. (rElec)
You are resistant to unholy torment.
You are immune to petrification.


Message History

Duvessa is severely wounded.
Duvessa hits you with a +0 short sword.
You hit Duvessa but do no damage.
Duvessa is severely wounded.
Duvessa hits you with a +0 short sword.
You hit Duvessa but do no damage.
Duvessa is severely wounded.
Dowan casts a spell.
Dowan blinks!
Duvessa hits you with a +0 short sword. Duvessa closely misses you.
You barely miss Duvessa.
Duvessa is severely wounded.
Duvessa closely misses you.
You hit Duvessa but do no damage.
Duvessa is severely wounded.
Duvessa closely misses you.
You hit Duvessa but do no damage.
Duvessa is severely wounded.
Duvessa misses you.
You barely miss Duvessa.
Duvessa is severely wounded.
Duvessa hits you but does no damage.
You hit Duvessa but do no damage.
Duvessa is severely wounded.
Duvessa hits you with a +0 short sword. Duvessa barely misses you.
You sock Duvessa!
You kill Duvessa!
Trog accepts your kill.
Dowan's eyes darken. "You have made a black mistake."
Dowan seems to find hidden reserves of power!
Dowan mumbles some strange words.
Dowan blinks!
Your Fighting skill increases to level 4!
Your Maces & Flails skill increases to level 4!
You have reached level 5!
Dowan hits you with a +0 dagger. Dowan hits you but does no damage.
You closely miss Dowan. Dowan casts a spell at you. The stone arrow hits you!
You die...

# # # ### #
....e#####
######### #e..(.#
......(.# #####§#
#.......########)#
...............#.#
#........#####.#@#
.........#####.#e#
#.######.##......#
..# #.##.##.###
### #.##.##.#
########.......#
....##......####
###.#...#####
##......##


You could see Dowan (fast).

Vanquished Creatures
  Duvessa (D:5)
  5 adders
  4 endoplasms
  A giant cockroach (D:1)
  5 goblins
  5 hobgoblins
  A quokka (D:2)
  7 ball pythons
  7 bats (D:1)
  A frilled lizard (D:3)
  3 kobolds
  8 rats
48 creatures vanquished.

Notes
Turn   | Place    | Note
-------+----------+-------------------------------------------
     0 | D:1      | KittyFluff the Gargoyle Berserker began the quest for the
                  | Orb.
     0 | D:1      | Reached XP level 1. HP: 14/14 MP: 1/1
   332 | D:1      | Reached XP level 2. HP: 19/19 MP: 2/2
   781 | D:2      | Reached XP level 3. HP: 14/23 MP: 3/3
  1387 | D:2      | Reached ** piety under Trog
  1388 | D:2      | Reached XP level 4. HP: 25/29 MP: 4/4
  1844 | D:3      | You fall into a shaft and drop 3 floors!
  1888 | D:5      | Entered Level 5 of the Dungeon
  1990 | D:5      | Noticed Dowan
  1992 | D:5      | Noticed Duvessa
  2020 | D:5      | Killed Duvessa
  2021 | D:5      | Reached XP level 5. HP: 14/33 MP: 5/5
  2022 | D:5      | Killed from afar by Dowan

Illustrated notes

Levels and vault maps discovered:
D:1:      eino_arrival_druids_welcome, layout_loops_ring, minmay_misc_feat_cross
D:2:      minmay_wonky_spiral, layout_loops_cross, kennysheep_crisscross,
          nrook_mini_backslash
D:3:      layout_rooms, shapermc_ecumenical_altar_ellora
D:5:      layout_loops_cross, minitemple, nicolae_overflow_two_pavilions,
          temple_pool_b, uniq_eustachio, uniq_edmund, uniq_blork_the_orc,
          uniq_duvessa, uniq_grinder
D:6:      layout_loops_corners, old_standard_altar

Skill      XL: |  1  2  3  4 |
---------------+-------------+-----
Armour         | 3 |  3.9
Dodging        | 2 |  2.3
Fighting       | 4 |  4.1
Maces & Flails | 4 |  4.3

Action                     |  1- 3 |  4- 6 || total
---------------------------+-------+-------++-------
  Melee: Mace              |   120 |    57 ||   177
         Punch             |     1 |     1 ||     2
  Throw: Dart              |       |     2 ||     2
 Invoke: Berserk           |     1 |       ||     1
    Use: Scroll            |       |     7 ||     7
 Armour: Animal skin       |    59 |    17 ||    76
  Dodge: Dodged            |   111 |    31 ||   142
